 Dungeon Crawl Stone Soup version 0.22.1-2-g9c5b331 (webtiles) character file.

20119 Lew the Severer (level 12, -2/100 HPs)
             Began as a Hill Orc Fighter on Nov 16, 2018.
             Was a High Priest of Beogh.
             Killed by divine providence
             ... invoked by a meliai
              (15 damage)
             ... on level 14 of the Dungeon.
             The game lasted 00:43:21 (12084 turns).

Lew the Severer (Hill Orc Fighter)                 Turns: 12084, Time: 00:43:22

Health: -2/100     AC: 13    Str: 26    XL:     12   Next: 76%
Magic:  0/21       EV: 17    Int:  8    God:    Beogh [*****.]
Gold:   687        SH: 15    Dex: 13    Spells: 11/11 levels left

rFire    + . .     SeeInvis .   s - +2 war axe of Destiny {chop, rC+ Int+2}
rCold    + + .     Gourm    .   c - +0 shield
rNeg     . . .     Faith    .   G - +0 troll leather armour
rPois    +         Spirit   +   q - +0 helmet
rElec    +         Reflect  .   t - scarf {Spirit}
rCorr    +         Harm     .   L - +0 pair of gloves
MR       .....                  K - +0 pair of boots
Stlth    +++.......             C - amulet of regeneration
HPRegen  1.06/turn              j - +5 ring of evasion
MPRegen  0.17/turn              N - +4 ring of protection

@: mighty, resistant, very slightly contaminated
A: walk on water, large bone plates 1, dopey 1, sense surroundings 1
a: Smiting, Recall Orcish Followers, Give Item to Named Follower, Renounce
Religion


You were on level 14 of the Dungeon.
You worshipped Beogh.
Beogh was extremely pleased with you.
You were not hungry.

You visited 2 branches of the dungeon, and saw 16 of its levels.
You also visited: Ossuary.

You collected 929 gold pieces.
You spent 242 gold pieces at shops.

Inventory:

Hand Weapons
 s - the +2 war axe of Destiny (weapon) {chop, rC+ Int+2}
   (You found it on level 9 of the Dungeon)

   It inflicts extra damage upon your enemies.
   It affects your intelligence (+2).
   It protects you from cold.
 Q - a +0 great sword of holy wrath
 R - a +1 dire flail of freezing
 S - a +2 quarterstaff of protection
Missiles
 M - a tomahawk of dispersal (quivered)
Armour
 a - a cursed -2 ring mail
 c - a +0 shield (worn)
 d - a +0 cloak
 p - a +3 plate armour
 q - a +0 helmet (worn)
 t - a scarf of spirit shield (worn)
 G - a +0 troll leather armour (worn)
 K - a +0 pair of boots (worn)
 L - a +0 pair of gloves (worn)
Jewellery
 i - an uncursed ring of see invisible
 j - a +5 ring of evasion (left hand)
 C - an amulet of regeneration (around neck)
 F - an uncursed ring of poison resistance
 N - a +4 ring of protection (right hand)
Wands
 g - a wand of paralysis (7)
 h - a wand of scattershot (16)
 v - a wand of polymorph (16)
 x - a wand of clouds (11)
 y - a wand of acid (13)
 z - a wand of random effects (77)
 B - a wand of enslavement (9)
 P - a wand of digging (13)
Scrolls
 b - 4 scrolls of remove curse
 e - 2 scrolls of magic mapping
 m - 9 scrolls of teleportation
 o - a scroll of blinking
 u - 2 scrolls of fog
 w - 2 scrolls of fear
 O - a scroll of amnesia
Potions
 k - 5 potions of magic
 l - 4 potions of flight
 n - 2 potions of ambrosia
 r - 4 potions of cancellation
 D - 2 potions of haste
 E - 5 potions of curing
 J - a potion of berserk rage
Comestibles
 f - 17 rations


   Skills:
 - Level 7.5 Fighting
 * Level 16.0 Axes
 - Level 7.5 Armour
 + Level 4.8 Dodging
 - Level 5.0 Stealth
 - Level 7.5 Shields
 - Level 12.5 Invocations


You had 11 spell levels left.
You didn't know any spells.
Your spell library contained the following spells:

 Spells                   Type           Power        Failure   Level  Hunger
 Magic Dart               Conj           #...         77%         1    ##.....
 Blink                    Tloc           N/A          88%         2    ###....
 Call Imp                 Summ           #.......     88%         2    ###....
 Poisonous Vapours        Pois/Air       #.....       88%         2    ###....
 Searing Ray              Conj           #.....       88%         2    ###....
 Slow                     Hex            #.......     88%         2    ###....
 Conjure Flame            Conj/Fire      #.......     98%         3    ####...
 Dazzling Spray           Conj/Hex       #.....       98%         3    ####...
 Mephitic Cloud           Conj/Pois/Air  #.......     98%         3    ####...
 Force Lance              Conj/Tloc      #.......     100%        4    #####..
 Fulminant Prism          Conj/Hex       #.........   100%        4    #####..
 Iskenderun's Mystic Bla  Conj           #.......     100%        4    #####..
 Freezing Cloud           Conj/Ice/Air   #.........   100%        6    #######
 Ring of Flames           Chrm/Fire      #.........   100%        7    #######


Dungeon Overview and Level Annotations

Branches:
Dungeon (15/15)            Temple (1/1) D:4            Lair (0/6) D:8
    Orc (0/2) D:10
 Vaults: D:13-14     Depths: D:15

Altars:
Ashenzari
Cheibriados
Dithmenos
Elyvilon
Fedhas
Gozag
Hepliaklqana
Kikubaaqudgha
Makhleb
Nemelex Xobeh
Okawaru
Qazlal
Ru
Sif Muna
Trog
Uskayaw
Vehumet
Wu Jian
Xom
Yredelemnul
Zin
The Shining One

Shops:
D:7 *


Innate Abilities, Weirdness & Mutations

You can walk on water.
You are partially covered in large bone plates. (SH +4)
You are dopey. (Int -2)
You passively map a small area around you.


Message History

Okay, then.
Blink to where?
Press: ? - help, Dir - move target cursor
As you read the scroll of blinking, it crumbles to dust.
* * * LOW HITPOINT WARNING * * *
You feel sick.
The centaur wields an uncursed shortbow.
The centaur shoots an arrow.
You block the arrow.
You hear a shout! x2
* * * LOW HITPOINT WARNING * * *
You feel sick.
You hear a horrible gurgling sound!
A troll comes into view.
* * * LOW HITPOINT WARNING * * *
You feel sick.
You feel better.
A shadow imp comes into view.
The meliai invokes the aid of its god against you.
Something smites you!
You die...

## * , ... ,
*,⌠ * #.#. ,
...# * , ,##
, #.#.##
....#, , #.#
#5#.#.#
...#.# ##
,##.#,
#.#.#.#* ,
....#.#.#
#.#.#
#.#.#.# ,
...#.#.#*
*#.#.#.#.#{#
...+#.## *
#.#.#.#.# *
** ...#.#.#
* #@#.#.#, ,
....#.## * ,
#.#y#(# * **
+ ##.#o## ,
##.#.#.#, *
,, oo#.##* *
##.#.#.#, ,
o#o#.#, #.#
#.#.# ### ,
.o#.##, , *
## #T#y#...
* .#.#.# *,
* #y#.#.#,#
, #.#.#.# *,
#c#y.#.#
#.#.#.#, *
,* #.#y..# ,


You could see a centaur warrior, a troll, 2 meliai and a shadow imp (sleeping).

Vanquished Creatures
  4 two-headed ogres
  2 centaur warriors (D:13)
  2 tengu warriors (D:13)
  An unseen horror (D:11)
  2 ugly things
  2 cyclopes
  A manticore (D:8)
  A freezing wraith (D:15)
  A tengu conjurer (D:13)
  2 trolls
  A queen bee (D:8)
  A hornet (D:11)
  A shadow (D:14)
  Sigmund (D:5)
  A wraith (D:11)
  2 yaks (D:11)
  3 hungry ghosts
  Grum (D:8)
  A soldier ant (D:11)
  The ghost of Sharpo the Skirmisher, an amateur GrFi (D:3)
  An acid dragon (D:11)
  A water moccasin (D:13)
  A sky beast (D:6)
  2 phantoms
  A black bear (D:6)
  An ice beast (D:8)
  A necrophage (D:10)
  2 wolves
  9 centaurs
  7 ogres
  A crocodile (D:9)
  A big kobold (D:8)
  4 bullfrogs
  4 scorpions
  27 killer bees
  6 wights
  6 crimson imps
  3 howler monkeys
  8 hounds
  2 orc priests
  2 bullfrog zombies
  4 centaur zombies
  A human zombie (Ossuary)
  3 jellies
  5 orc wizards
  4 iguanas
  Natasha (thrice) (D:3 D:5)
  5 worker ants
  A big kobold zombie (Ossuary)
  2 hound zombies
  A hound skeleton (D:3)
  3 mummies (Ossuary)
  A worker ant zombie (D:8)
  A howler monkey zombie (D:7)
  4 gnolls (D:3)
  A howler monkey skeleton (D:3)
  10 adders
  A shadow imp (D:11)
  A white imp (D:8)
  4 worms
  3 adder zombies
  A dart slug (D:1)
  4 leopard geckos
  15 orcs
  4 bats
  3 giant cockroaches
  6 goblins
  A hobgoblin (D:1)
  8 jackals
  5 quokkas
  2 ball pythons (D:1)
  4 frilled lizards
  A gnoll zombie (Ossuary)
  2 goblin skeletons (D:8)
  A goblin zombie (D:8)
  7 hobgoblin zombies (Ossuary)
  6 kobolds
  A kobold skeleton (D:8)
  3 kobold zombies
  2 orc skeletons (D:8)
  2 orc zombies (D:8)
  3 quokka zombies (Ossuary)
  3 rats
  2 rat zombies (Ossuary)
265 creatures vanquished.

Vanquished Creatures (collateral kills)
  Erolcha (D:12)
  A two-headed ogre (D:10)
  A deep elf mage (D:12)
  A cyclops (D:12)
  An ugly thing (D:12)
  A manticore (D:12)
  A centaur zombie (D:10)
  2 centaur skeletons
  A tengu conjurer (D:13)
  2 komodo dragons (D:12)
  A meliai (D:15)
  A shadow (D:13)
  A yak (D:11)
  An orc warrior (D:10)
  An ice beast (D:12)
  6 centaurs
  A bullfrog (D:10)
  A wyvern skeleton (D:11)
  A wight (D:14)
  4 killer bees (D:13)
  A crimson imp (D:9)
  A hound (D:10)
  A bullfrog skeleton (D:12)
  3 worker ants
  A howler monkey skeleton (D:10)
  2 orcs
  A quokka (D:9)
40 creatures vanquished.

Vanquished Creatures (others)
  An orc knight (D:15)
  5 orc warriors
  Maurice (D:8)
  4 orc priests
  2 orc wizards
  14 orcs
  A kobold (D:8)
28 creatures vanquished.

Grand Total: 333 creatures vanquished

Notes
Turn   | Place    | Note
-------+----------+-------------------------------------------
     0 | D:1      | Lew the Hill Orc Fighter began the quest for the Orb.
     0 | D:1      | Reached XP level 1. HP: 19/19 MP: 1/1
   110 | D:1      | Reached XP level 2. HP: 27/27 MP: 2/2
   114 | D:1      | Reached skill level 3 in Axes
   884 | D:2      | Reached XP level 3. HP: 30/33 MP: 3/3
  1118 | D:2      | Found a sparkling altar of Nemelex Xobeh.
  1147 | D:2      | Found a white marble altar of Elyvilon.
  1149 | D:2      | Found a glowing golden altar of the Shining One.
  1343 | D:3      | Noticed Natasha
  1350 | D:3      | Killed Natasha
  1350 | D:3      | Reached XP level 4. HP: 25/41 MP: 4/4
  1561 | D:3      | Noticed Natasha
  1567 | D:3      | Killed Natasha
  1598 | D:3      | Reached skill level 4 in Axes
  1598 | D:3      | Reached XP level 5. HP: 43/47 MP: 5/5
  1636 | D:3      | Found a runed gate.
  1636 | D:3      | Found a runed gate.
  1636 | D:3      | Found a runed gate.
  1636 | D:3      | Noticed Sharpo's ghost (amateur GrFi)
  1667 | D:3      | Became a worshipper of Beogh the Brigand
  1782 | D:3      | Found an opulent altar of Gozag.
  2407 | D:3      | Killed Sharpo's ghost
  2407 | D:3      | Reached skill level 5 in Fighting
  2407 | D:3      | Reached XP level 6. HP: 38/56 MP: 6/6
  2408 | D:3      | Reached skill level 5 in Axes
  2529 | D:4      | Gained mutation: You passively map a small area around you.
                  | [potion of mutation]
  2529 | D:4      | Gained mutation: You are dopey. (Int -2) [potion of
                  | mutation]
  2529 | D:4      | Gained mutation: You are partially covered in large bone
                  | plates. (SH +4) [potion of mutation]
  2572 | D:4      | Reached skill level 5 in Armour
  2572 | D:4      | Reached skill level 5 in Shields
  2572 | D:4      | Reached XP level 7. HP: 43/61 MP: 7/7
  2948 | D:4      | Reached * piety under Beogh
  3072 | D:4      | Found a staircase to the Ecumenical Temple.
  3492 | Temple   | Entered the Ecumenical Temple
  3701 | D:5      | Entered Level 5 of the Dungeon
  3701 | D:5      | Found a bloodstained altar of Trog.
  3754 | D:5      | Found a shattered altar of Ashenzari.
  3867 | D:5      | Noticed Natasha
  3876 | D:5      | Killed Natasha
  3876 | D:5      | Reached skill level 6 in Axes
  3961 | D:5      | Noticed Sigmund
  3976 | D:5      | Reached XP level 8. HP: 68/71 MP: 6/8
  3982 | D:5      | Killed Sigmund
  4470 | D:6      | Reached skill level 7 in Axes
  5056 | D:7      | Found Ohirph's General Store.
  5073 | D:7      | Bought a scroll of identify for 22 gold pieces
  5073 | D:7      | Bought an uncursed ring of poison resistance for 220 gold
                  | pieces
  5132 | D:7      | Found a sand-covered staircase.
  5145 | Ossuary  | Entered an ossuary
  5153 | Ossuary  | Reached XP level 9. HP: 79/79 MP: 9/9
  5248 | Ossuary  | Reached ** piety under Beogh
  5302 | D:7      | Identified a scroll of acquirement
  5324 | D:7      | Reached skill level 1 in Invocations
  5326 | D:7      | Reached skill level 8 in Axes
  6231 | D:8      | Noticed a two-headed ogre
  6316 | D:8      | Found a staircase to the Lair.
  6351 | D:8      | Noticed Grum
  6363 | D:8      | Reached skill level 9 in Axes
  6364 | D:8      | Killed a two-headed ogre
  6364 | D:8      | Reached skill level 10 in Axes
  6368 | D:8      | Noticed a two-headed ogre
  6369 | D:8      | Killed Grum
  6369 | D:8      | Reached XP level 10. HP: 70/86 MP: 11/15
  6372 | D:8      | Noticed Maurice
  6374 | D:8      | Noticed a manticore
  6386 | D:8      | Killed a two-headed ogre
  6386 | D:8      | Reached skill level 11 in Axes
  6396 | D:8      | Killed Maurice
  6401 | D:8      | Killed a manticore
  6409 | D:8      | Reached *** piety under Beogh
  6412 | D:8      | Reached skill level 12 in Axes
  6537 | D:8      | Found a hazy altar of Hepliaklqana.
  6679 | D:8      | Found a hide-covered altar of Uskayaw.
  6731 | D:8      | Found a glowing golden altar of the Shining One.
  6749 | D:8      | Found a stormy altar of Qazlal.
  6821 | D:8      | Found a radiant altar of Vehumet.
  6861 | D:8      | Found a shimmering altar of Xom.
  7183 | D:9      | Noticed a two-headed ogre
  7208 | D:8      | Killed a two-headed ogre
  7208 | D:8      | Reached skill level 10 in Invocations
  7208 | D:8      | Reached XP level 11. HP: 37/92 MP: 3/18
  7446 | D:9      | Got a pitted war axe
  7447 | D:9      | Identified the +2 war axe of Destiny {chop, rC+ Int+2} (You
                  | found it on level 9 of the Dungeon)
  7472 | D:9      | Reached **** piety under Beogh
  7526 | D:9      | Reached skill level 13 in Axes
  7526 | D:9      | Reached skill level 1 in Stealth
  7544 | D:9      | Reached skill level 1 in Dodging
  8002 | D:10     | Entered Level 10 of the Dungeon
  8027 | D:10     | Noticed a two-headed ogre
  8036 | D:10     | Killed a two-headed ogre
  8120 | D:10     | Gained Oruk as an ally
  8161 | D:10     | Found a staircase to the Orcish Mines.
  8194 | D:10     | Noticed a two-headed ogre
  8200 | D:10     | Killed a two-headed ogre
  8209 | D:10     | Gained Warbeogh as an ally
  8802 | D:11     | Noticed a cyclops
  8813 | D:11     | Killed a cyclops
  8922 | D:11     | Reached skill level 14 in Axes
  9166 | D:11     | Identified the cursed +0 ring mail of the Evening {rC+}
                  | (You found it on level 11 of the Dungeon)
  9278 | D:11     | Killed an unseen horror
  9571 | D:12     | Reached ***** piety under Beogh
  9593 | D:12     | Noticed a deep elf mage
  9599 | D:12     | Your ally Oruk died
  9601 | D:12     | Noticed Erolcha
  9603 | D:12     | Noticed a cyan ugly thing
  9605 | D:12     | Killed a deep elf mage
  9608 | D:12     | Gained Zartorak as an ally
  9610 | D:12     | Killed a cyan ugly thing
  9614 | D:12     | Noticed a green ugly thing
  9620 | D:12     | Killed a green ugly thing
  9620 | D:12     | Reached XP level 12. HP: 76/100 MP: 13/20
  9633 | D:12     | Killed Erolcha
  9710 | D:12     | Gained Ognian as an ally
 10533 | D:12     | Got a fine robe
 10545 | D:12     | Identified the +1 robe of Yskehas {+Fly MR+ Int+3} (You
                  | found it on level 12 of the Dungeon)
 10813 | D:13     | Noticed a centaur warrior
 10822 | D:13     | Killed a centaur warrior
 10822 | D:13     | Reached skill level 15 in Axes
 10883 | D:13     | Noticed a tengu warrior
 10896 | D:13     | Killed a tengu warrior
 10990 | D:13     | Noticed a centaur warrior
 10999 | D:13     | Killed a centaur warrior
 11021 | D:13     | Your ally Warbeogh died
 11040 | D:13     | Noticed a tengu warrior
 11057 | D:13     | Killed a tengu warrior
 11057 | D:13     | Gained Bladwarg as an ally
 11100 | D:13     | Found a shimmering altar of Xom.
 11867 | D:14     | Your ally Bladwarg died
 11912 | D:14     | Gained Arbeogh as an ally
 11912 | D:14     | Reached skill level 5 in Stealth
 11928 | D:14     | You fall through a shaft!
 11928 | D:15     | Entered Level 15 of the Dungeon
 12062 | D:15     | Noticed a centaur warrior
 12073 | D:15     | Reached skill level 16 in Axes
 12075 | D:15     | Your ally Zartorak died
 12077 | D:15     | HP: 4/100 [meliai/divine providence (13)]
 12078 | D:15     | Your ally Arbeogh died
 12079 | D:14     | Noticed a centaur warrior
 12081 | D:14     | HP: 1/100 [poisoned by a green ugly thing]
 12084 | D:14     | Killed from afar by a meliai

Skill      XL: |  1  2  3  4  5  6  7  8  9 10 11 12 |
---------------+-------------------------------------+-----
Axes           | 3 4 5 6 7 10 12 14 16 | 16.0
Fighting       | 4 5 6 7 |  7.5
Armour         | 4 5 6 7 |  7.5
Shields        | 4 5 6 7 |  7.5
Invocations    | 6 10 11 12 | 12.5
Stealth        | 3 5 |  5.0
Dodging        | 3 4 |  4.8

Action                   |  1- 3 |  4- 6 |  7- 9 | 10-12 || total
-------------------------+-------+-------+-------+-------++-------
Melee: War axe           |   145 |   117 |   400 |   458 ||  1120
Invok: Convert to Beogh  |       |     1 |       |       ||     1
       Recall Orcish Fol |       |       |       |     4 ||     4
       Give Item to Name |       |       |       |     4 ||     4
       Smiting           |       |       |       |     1 ||     1
Evoke: Wand              |       |       |       |     3 ||     3
  Use: Scroll            |     5 |     3 |    15 |     7 ||    30
       Potion            |     2 |     2 |     5 |     9 ||    18
 Stab: Invisible         |       |       |     2 |     2 ||     4
       Distracted        |       |       |       |     3 ||     3
       Sleeping          |       |       |       |     3 ||     3
  Eat: Chunk             |     2 |     1 |     4 |     3 ||    10
       Ration            |       |     1 |     4 |     5 ||    10
Armor: Scale mail        |    22 |    25 |   101 |    27 ||   175
       Chain mail        |    63 |       |       |       ||    63
       Troll leather arm |       |       |       |    65 ||    65
Dodge: Dodged            |    46 |    48 |   193 |   231 ||   518
Block: Shield            |    73 |    62 |   323 |   353 ||   811
       Other             |       |       |       |     3 ||     3
